 Dungeon Crawl Stone Soup version 0.28.0-49-g6dfe1f597d (webtiles) character file.

Game seed: 6174511002809548869

158 Keeper01 the Digger (level 5, -5/36 HPs)
             Began as a Formicid Earth Elementalist on May 11, 2022.
             Slain by a gnoll sergeant
             ... wielding a +0 spear of venom
              (10 damage)
             ... on level 6 of the Dungeon.
             The game lasted 00:12:22 (2700 turns).

Keeper01 the Digger (Formicid Earth Elementalist)   Turns: 2700, Time: 00:12:24

Health: -5/36      AC:  3    Str: 13    XL:     5   Next: 66%
Magic:  7/10       EV: 12    Int: 16    God:
Gold:   87         SH:  0    Dex: 11    Spells: 7/11 levels left

rFire   . . .      SeeInvis +   d - +2 dagger (freeze)
rCold   . . .      Faith    .   (no shield)
rNeg    . . .      Spirit   .   b - +0 robe
rPois   .          Reflect  .   (helmet unavailable)
rElec   .          Harm     .   a - +0 cloak
rCorr   .          Rampage  .   (no gloves)
Will    .....                   (no boots)
Stlth   ++........              (no amulet)
HPRegen 0.12/turn               (no ring)
MPRegen 0.12/turn               (no ring)

@: lethally poisoned (-5 -> -18)
A: permanent stasis, dig shafts and tunnels, antennae 3, four strong arms
a: Dig, Shaft Self


You were on level 6 of the Dungeon.
You visited 1 branch of the dungeon, and saw 4 of its levels.

You collected 87 gold pieces.

Inventory:

Hand Weapons
 d - a +2 dagger of freezing (weapon)
Missiles
 c - 19 stones
Armour
 a - a +0 cloak (worn)
 b - a +0 robe (worn)
Scrolls
 e - a scroll of fog
 h - a scroll of summoning {unknown}
 i - a scroll of fear {unknown}
 l - a scroll of immolation {unknown}
 m - a scroll of identify
Potions
 f - a potion of haste {unknown}
 g - 2 potions of curing
 j - a potion of mutation {unknown}
 k - a potion of might {unknown}


   Skills:
 + Level 0.3 Fighting
 + Level 0.4 Short Blades
 + Level 2.0 Dodging
 + Level 3.8 Stealth
 + Level 3.8 Spellcasting
 + Level 1.1 Transmutations
 + Level 4.9 Earth Magic


You had 7 spell levels left.
You knew the following spells:

 Your Spells              Type           Power      Damage    Failure   Level
a - Sandblast             Erth           38%        2d10      2%          1
b - Stone Arrow           Conj/Erth      22%        3d8       19%         3

Your spell library contained the following spells:

 Spells                   Type           Power      Damage    Failure   Level
 Passwall                 Tmut/Erth      10%        N/A       8%          2
 Petrify                  Tmut/Erth      12%        N/A       43%         4


Dungeon Overview and Level Annotations

Branches:
Dungeon (3/15)

Altars:


Innate Abilities, Weirdness & Mutations

You cannot be hasted, slowed, berserked, paralysed or teleported.
You can dig through walls and to a lower floor.
You have a pair of large antennae on your head. (SInv)
Your four strong arms can wield two-handed weapons with a shield.


Message History

Aim: a bullfrog skeleton (moderately damaged, 93% to hit)
The blast of sand hits the bullfrog skeleton!
The bullfrog skeleton is heavily damaged.
The bullfrog skeleton hits you. x2
Aiming: Sandblast (safe; 2% risk of failure)
Press: ? - help, Q - select action, (/) - cycle Shift-Dir - straight line, f/p - bullfrog skeleton
Aim: a bullfrog skeleton (heavily damaged, 93% to hit)
The blast of sand hits the bullfrog skeleton!
The bullfrog skeleton is almost destroyed.
The bullfrog skeleton barely misses you.
Aiming: Sandblast (safe; 2% risk of failure)
Press: ? - help, Q - select action, (/) - cycle Shift-Dir - straight line, f/p - bullfrog skeleton
Aim: a bullfrog skeleton (almost destroyed, 93% to hit)
The blast of sand hits the bullfrog skeleton!
You destroy the bullfrog skeleton!
Your Dodging skill increases to level 2!
Found a stone staircase leading up.
m - a scroll of identify
Found a scroll labelled UTIPPO COAMYPU.
A gnoll comes into view. It is wielding a +0 halberd.
A gnoll sergeant and a gnoll come into view.
The gnoll sergeant is wielding a +0 spear of venom. 2 gnolls come into view.
A gnoll is wielding a +0 spear of venom.
The gnoll sergeant shouts!
The gnoll shouts! x3
An ice beast comes into view.
An ice beast comes into view.
A hound comes into view.
The gnoll hits you from afar with a +0 spear of venom!
You are poisoned.
The gnoll hits you with a +0 club.
There is a stone staircase leading up, spattered with blood here.
Unknown command.
* * * LOW HITPOINT WARNING * * *
You feel very sick. The gnoll misses you. x2
The gnoll hits you from afar with a +0 spear of venom.
* * * LOW HITPOINT WARNING * * *
The gnoll barely misses you.
The gnoll sergeant hits you from afar with a +0 spear of venom!
You die...

...# #.#### ...#
#....# # ..## #....#
.. .... #....# #.
#..#####....#
#..####.##........#
#.......##.#......#
.#............#....#
...hY..@<##.###....#
.#...gg.g##.# #.####
#....gg.##?# #.#
#.......#..# ...
#.........##.###
...Y##..... ....
###... #.. .....


You could see 2 ice beasts, a gnoll sergeant, a hound (wandering) and 4 gnolls.

Vanquished Creatures
  A bullfrog skeleton (D:6)
  Natasha (D:3)
  2 gnolls (D:1)
  4 adders
  A worm (D:2)
  A dart slug (D:2)
  2 ball pythons
  4 endoplasms
  A giant cockroach (D:2)
  8 goblins
  4 hobgoblins
  6 kobolds
  A quokka (D:2)
  4 bats
  2 frilled lizards
  5 rats
47 creatures vanquished.

Vanquished Creatures (others)
  22 plants (D:1)
22 creatures vanquished.

Grand Total: 69 creatures vanquished

Notes
Turn   | Place    | Note
-------+----------+-------------------------------------------
     0 | D:1      | Keeper01 the Formicid Earth Elementalist began the quest
                  | for the Orb.
     0 | D:1      | Reached XP level 1. HP: 13/13 MP: 3/3
   176 | D:1      | Reached XP level 2. HP: 19/19 MP: 1/5
   303 | D:1      | Reached skill level 4 in Earth Magic
   350 | D:1      | Reached XP level 3. HP: 24/24 MP: 1/6
   660 | D:1      | Found a faded altar of an unknown god.
   914 | D:1      | Learned a level 3 spell: Stone Arrow
  1361 | D:2      | Reached XP level 4. HP: 30/30 MP: 6/8
  2595 | D:3      | Noticed Natasha
  2598 | D:3      | Killed Natasha
  2599 | D:3      | Reached XP level 5. HP: 34/35 MP: 7/10
  2679 | D:3      | You fall into a shaft and drop 3 floors!
  2697 | D:6      | Noticed an ice beast
  2699 | D:6      | Noticed an ice beast
  2700 | D:6      | Slain by a gnoll sergeant

Illustrated notes

Levels and vault maps discovered:
D:1:      dpeg_arrival_castle, layout_basic, ebering_ecumenical_altar_box,
          serial_bayou_lagoon_a
D:2:      layout_basic
D:3:      layout_rooms, uniq_natasha, uniq_terence
D:6:      layout_rooms, old_standard_altar, lemuel_zombie_altar_kikubaaqudgha,
          uniq_duvessa

Skill      XL: |  1  2  3  4  5 |
---------------+----------------+-----
Stealth        | 3 |  3.8
Earth Magic    | 4 |  4.9
Spellcasting   | 3 |  3.8
Dodging        | 2 |  2.0
Fighting       | |  0.3
Short Blades   | |  0.4
Transmutations | |  1.1

Action                   |  1- 3 |  4- 6 || total
-------------------------+-------+-------++-------
Melee: Unarmed           |    14 |       ||    14
       Dagger            |    25 |    19 ||    44
 Cast: Sandblast         |    27 |    26 ||    53
  Use: Scroll            |       |     2 ||     2
 Stab: Sleeping          |       |     3 ||     3
Armor: Robe              |     9 |     4 ||    13
Dodge: Dodged            |    23 |    17 ||    40
